 Dungeon Crawl Stone Soup version 0.29-a0-315-gaf6dd05e2f (webtiles) character file.

Game seed: 13793785499814709547

20 Inarius the Chopper (level 3, 0/29 HPs)
             Began as a Human Chaos Knight on Mar 29, 2022.
             Was a Plaything of Xom.
             Succumbed to a goblin's poison
             ... on level 1 of the Dungeon.
             The game lasted 00:00:34 (263 turns).

Inarius the Chopper (Human Chaos Knight)             Turns: 263, Time: 00:00:35

Health: 0/29       AC:  5    Str: 14    XL:     3   Next: 0%
Magic:  3/3        EV: 11    Int: 12    God:    Xom [..*...]
Gold:   15         SH:  0    Dex: 12    Spells: 2/2 levels left

rFire   . . .      SeeInvis .   a - +0 hand axe (chaos)
rCold   . . .      Faith    .   (no shield)
rNeg    . . .      Spirit   .   b - +2 leather armour
rPois   .          Reflect  .   (no helmet)
rElec   .          Harm     .   (no cloak)
rCorr   .          Rampage  .   (no gloves)
Will    .....                   (no boots)
Stlth   +.........              (no amulet)
HPRegen 0.09/turn               (no ring)
MPRegen 0.08/turn               (no ring)

@: lethally poisoned (0 -> -6)
A: no striking features
a: Renounce Religion


You were on level 1 of the Dungeon.
You worshipped Xom.
You were a toy of Xom.
You visited 1 branch of the dungeon, and saw 1 of its levels.

You collected 15 gold pieces.

Inventory:

Hand Weapons
 a - a +0 hand axe of chaos (weapon)
Armour
 b - a +2 leather armour (worn)
Miscellaneous
 c - a piece from Xom's chessboard (15/15) (quivered)


   Skills:
 + Level 3.3 Fighting
 * Level 3.7 Axes
 + Level 2.0 Armour
 + Level 1.0 Dodging


You had 2 spell levels left.
You didn't know any spells.
Your spell library was empty.

Dungeon Overview and Level Annotations

Branches:
Dungeon (1/15)

Altars:


Message History

You kill the bat!
You closely miss the bat.
You hit the ball python but do no damage.
The bat barely misses you. The ball python bites you.
* * * LOW HITPOINT WARNING * * *
The ball python grabs you. The ball python constricts you.
* * * LOW HITPOINT WARNING * * *
The ball python closely misses you. The ball python constricts you.
Unknown command.
You aren't carrying any potions.
Unknown command.
Unknown command.
You hit the bat.
You feel better.
You kill the bat!
You miss the frilled lizard. You hit the ball python.
Your bat zombie barely misses the frilled lizard.
Your bat zombie misses the frilled lizard.
The ball python bites you but does no damage.
The ball python constricts you.
* * * LOW HITPOINT WARNING * * *
Your bat zombie misses the frilled lizard.
The frilled lizard bites you but does no damage.
Unknown command.
You hit the ball python.
You kill the ball python!
You hit the frilled lizard.
You kill the frilled lizard!
You have reached level 3!
Your experience leads to an increase in your attributes!
Increase (S)trength, (I)ntelligence, or (D)exterity?
You feel stronger. x2
You closely miss the goblin.
Your bat zombie hits the goblin. x2
The goblin hits you but does no damage.
You are lethally poisoned!
Your bat zombie barely misses the goblin.
Unknown command.
You hit the goblin.
The goblin is almost dead.
You die...
Xom guffaws!

#...# #.....#.#
#.....### #####
#.....#.# #.....#..
#.....#.######.....#.8
#>....+............#..
###††...#+#####......##.
#.............#..⌠....#.
#.......).....#...⌠...#.
#.............#..⌠....#.
#.....)@).....#......##.
#......gZ.....#......#..
#.............#......#.8
#.............# .. #..
#.............# ###
#.............#
#.............#
#.........$...#


You could see a goblin (ally target) and a friendly bat zombie.

Vanquished Creatures
  2 bats (D:1)
  An endoplasm (D:1)
  A giant cockroach (D:1)
  A hobgoblin (D:1)
  3 jackals (D:1)
  2 ball pythons (D:1)
  2 frilled lizards (D:1)
  3 kobolds (D:1)
  3 rats (D:1)
18 creatures vanquished.

Notes
Turn   | Place    | Note
-------+----------+-------------------------------------------
     0 | D:1      | Inarius the Human Chaos Knight began the quest for the Orb.
     0 | D:1      | Reached XP level 1. HP: 18/18 MP: 1/1
    61 | D:1      | XOM: divination: detect creatures
   232 | D:1      | Reached XP level 2. HP: 24/24 MP: 2/2
   259 | D:1      | HP: 1/24 [constriction (1)]
   262 | D:1      | Reached XP level 3. HP: 2/29 MP: 3/3
   263 | D:1      | Succumbed to a goblin's poison

Illustrated notes

Levels and vault maps discovered:
D:1:      wander_arrival_estate, layout_basic, hangedman_abyss_or_decor_stabs,
          feat_on_display

Action                   || total
-------------------------++-------
Melee: Hand axe          ||    33
Armor: Leather armour    ||    17
Dodge: Dodged            ||    27

Table legend: (Time is in decaauts)
 A = Elapsed time spent in this place.
 B = Non-inter-level travel time spent in this place.
 C = Inter-level travel time spent in this place.
 D = Time resting spent in this place.
 E = Time spent auto-exploring this place.
 F = Levels seen in this place.
 G = Mean time per level.
                   A        B        C        D        E       F      G
               +--------+--------+--------+--------+--------+-----+--------+
         Total |    267 |    267 |      0 |      0 |    207 |   1 |  267.0 |
       Dungeon |    267 |    267 |      0 |      0 |    207 |   1 |  267.0 |
               +--------+--------+--------+--------+--------+-----+--------+

Top non-repeatable levels by time:
     D:1: 267 daAuts
